 Dungeon Crawl Stone Soup version 0.12.2-19-gc1c9fca (webtiles) character file.

1217 Gabry the Covered (level 7, -1/59 HPs)
             Began as a Minotaur Fighter on Aug 23, 2013.
             Slain by a gnoll
             ... wielding a +0,+0 halberd
              (6 damage)
             ... on Level 6 of the Dungeon.
             The game lasted 00:27:34 (5558 turns).

Gabry the Covered (Minotaur Fighter)                Turns: 5558, Time: 00:27:34

HP  -1/59        AC 12     Str 21      XL: 7   Next: 92%
MP   2/2         EV  5     Int  5      God:
Gold 258         SH 22     Dex 12      Spells:  0 memorised,  6 levels left

Res.Fire  : . . .   See Invis. : .   D - +1,+4 dwarf mace
Res.Cold  : + . .   Warding    : .   n - +2 orc chain mail {rC+}
Life Prot.: . . .   Conserve   : .   c - +1 shield
Res.Poison: .       Res.Corr.  : .   (helmet restricted)
Res.Elec. : .       Clarity    : .   j - +0 cloak
Sust.Abil.: . .     Spirit.Shd : .   (no gloves)
Res.Mut.  : .       Stasis     : .   (no boots)
Res.Rott. : .       Ctrl.Telep.: .   (no amulet)
Saprovore : . . .   Flight     : .   (no ring)
                                     (no ring)

@: slightly resistant to hostile enchantments, extremely unstealthy
A: retaliatory headbutt, horns 2
a: no special abilities


You were on level 6 of the Dungeon.
You were not hungry.

You visited 1 branch of the dungeon, and saw 6 of its levels.
You also visited: Ossuary.

You collected 238 gold pieces.

Inventory:

Hand weapons
 a - a +0,+0 mace
 q - a -1,+1 orcish dagger (quivered)
 D - a +1,+4 dwarven mace (weapon)
Armour
 c - a +1 shield (worn)
 j - a +0 cloak (worn)
 n - a +2 orcish chain mail of cold resistance (worn)
Magical devices
 h - a wand of paralysis (6)
 k - a wand of draining (5)
 l - a wand of fire (6) {unknown}
 u - a wand of heal wounds (2)
Comestibles
 d - 3 bread rations
 o - a meat ration
 C - 9 sultanas
Scrolls
 e - a scroll of noise
 f - 3 scrolls of remove curse
 g - a scroll of identify
 i - 5 scrolls of teleportation
 p - a scroll of fear
 G - a scroll of fog {unknown}
 H - 3 scrolls of curse jewellery {unknown}
 I - a scroll of random uselessness {unknown}
 J - a scroll of enchant weapon I {unknown}
Potions
 m - a potion of heal wounds {unknown}
 s - a potion of magic {unknown}
 t - a potion of might {unknown}
 v - a potion of slowing {unknown}
 w - 3 potions of curing {unknown}
 x - a potion of invisibility {unknown}
 z - 2 potions of confusion {unknown}
 A - a potion of paralysis {unknown}
 B - a potion of restore abilities {unknown}
 E - 3 potions of agility {unknown}
 F - a potion of speed {unknown}
Books
 b - a book of Summonings

   Spells                             Type                      Level
   Abjuration                         Summoning                    3
   Recall                             Summoning/Translocation      3
   Summon Elemental                   Summoning                    4
   Shadow Creatures                   Summoning                    5
   Summon Demon                       Summoning                    5
   Summon Ugly Thing                  Summoning                    6


   Skills:
 + Level 4.5 Fighting
 + Level 4.8 Maces & Flails
 + Level 6.6 Armour
 + Level 5.3 Dodging
 + Level 0.1 Stealth
 + Level 6.6 Shields
 + Level 1.2 Traps


You had 6 spell levels left.
You didn't know any spells.

Dungeon Overview and Level Annotations

Branches:
Dungeon (6/27)
 Temple: D:4-7          Orc: D:6-11

Altars:
Makhleb
the Shining One


Innate Abilities, Weirdness & Mutations

You reflexively headbutt those who attack you in melee.
You have a pair of horns on your head.


Message History

The gnoll hits you from afar with a halberd.
* * * LOW HITPOINT WARNING * * *
The adder bites you but does no damage. You block the adder's attack.
You hit the adder.
The adder is lightly wounded.
You block the gnoll's attack. You block the adder's attack.
You sock the adder!
You kill the adder!
You block the gnoll's attack. You block the gnoll's attack.
You barely miss the gnoll. Your headbutt misses the gnoll.
The gnoll hits you with a halberd.
* * * LOW HITPOINT WARNING * * *
You hit the gnoll. You headbutt the gnoll.
The gnoll is severely wounded.
You block the gnoll's attack.
You hit the gnoll but do no damage.
The gnoll is severely wounded.
The gnoll hits you with a halberd.
You die...

#..#.....#............*
#..#.....#.,.........,*
#..#.#.#.#, ,, ...,,,,***
#..#.....#, ,,,,,,,,,,,,,
#..#....%#,,,,,,,,,,,,,,,
#..#.#.#)#,,,,,,,,,,,,,,,
#..#.....#,,,,,,,,,,,,,,,
#..#....g#,,,,,,, ,,,,,,,
#..#.#.#@#,,,,,,,,,,,,,,,
#..#.....#,,,,,,,,,,,,,,
#..#.....#,,,,, ,,,,,,,,,
#..#.#.#.#,,,,,,,,,, ,,,,
#..#.....#,,,, ,,,<,,,,,,
#..#.....# ,,,,,, ,,,,,,,
#..#.#.#.#, ,,, ,,,,,***
#..#.....#...,,,,,,,,,*
#..#.....#......,,,,,,*


You could see a gnoll.

Vanquished Creatures
  A necrophage (D:6)
  2 centaurs (D:5)
  Sigmund (D:2)
  A giant frog (D:6)
  A giant frog skeleton (D:5)
  A killer bee zombie (D:5)
  A big kobold zombie (D:5)
  3 crimson imps
  An orc priest (D:5)
  A quasit (D:5)
  A hound zombie (Ossuary)
  3 worker ants
  A gnoll shaman (D:6)
  3 orc wizards
  2 iguanas
  Ijyb (D:2)
  A jelly (D:5)
  9 gnolls
  4 adders
  A giant mite (D:4)
  A bat skeleton (D:4)
  14 orcs
  A ball python (D:3)
  8 bats
  6 giant cockroaches
  10 hobgoblins
  12 jackals
  2 quokkas (D:2)
  3 giant geckos
  3 giant newts
  6 goblins
  2 goblin zombies
  A hobgoblin skeleton (D:5)
  2 hobgoblin zombies
  A jackal zombie (Ossuary)
  12 kobolds
  2 orc skeletons (D:5)
  14 rats
  A rat zombie (D:4)
140 creatures vanquished.

Vanquished Creatures (others)
  A giant newt (D:4)
1 creature vanquished.

Grand Total: 141 creatures vanquished

Notes
Turn   | Place    | Note
--------------------------------------------------------------
     0 | D:1      | Gabry, the Minotaur Fighter, began the quest for the Orb.
     0 | D:1      | Reached XP level 1. HP: 19/19 MP: 0/0
    47 | D:1      | Reached skill level 4 in Fighting
    47 | D:1      | Reached XP level 2. HP: 9/27 MP: 0/0
   186 | D:1      | Reached XP level 3. HP: 15/33 MP: 1/1
   762 | D:2      | Noticed Sigmund
   784 | D:2      | Killed Sigmund
   784 | D:2      | Reached skill level 1 in Dodging
   784 | D:2      | Reached XP level 4. HP: 15/40 MP: 1/1
  1099 | D:2      | Reached skill level 5 in Armour
  1099 | D:2      | Reached XP level 5. HP: 42/46 MP: 1/1
  1348 | D:2      | Noticed Ijyb
  1365 | D:2      | Killed Ijyb
  2251 | D:3      | Found a burning altar of Makhleb.
  2361 | D:3      | Found a glowing golden altar of the Shining One.
  3490 | D:4      | Found a sand-covered staircase.
  3508 | Ossuary  | Entered an ossuary
  3508 | Ossuary  | Noticed a human zombie
  3525 | Ossuary  | Reached XP level 6. HP: 35/53 MP: 2/2
  3657 | D:4      | Reached skill level 1 in Traps
  3661 | D:4      | Reached skill level 5 in Shields
  3914 | D:5      | Entered Level 5 of the Dungeon
  4478 | D:5      | Reached XP level 7. HP: 43/59 MP: 2/2
  4845 | D:5      | Reached skill level 6 in Armour
  5217 | D:6      | Reached skill level 5 in Dodging
  5282 | D:6      | Reached XP level 8. HP: 31/67 MP: 2/2
  5313 | D:6      | Paralysed by a necrophage for 5 turns
  5487 | D:6      | Reached XP level 7. HP: 59/59 MP: 1/2
  5558 | D:6      | Slain by a gnoll

Action                   |  1- 3 |  4- 6 |  7- 9 || total
-------------------------+-------+-------+-------++-------
Melee: Mace              |    96 |   256 |   116 ||   468
  Use: Scroll            |       |     3 |     9 ||    12
